 Dungeon Crawl Stone Soup version 0.23-a0-489-g205b0b6 (webtiles) character file.

135 voilodion the Stinger (level 4, 0/24 HPs)
             Began as a Deep Elf Venom Mage on Dec 2, 2018.
             Was a Plaything of Xom.
             Slain by an orc
             ... wielding a +0 club
              (6 damage)
             ... on level 3 of the Dungeon.
             The game lasted 00:21:09 (1977 turns).

voilodion the Stinger (Deep Elf Venom Mage)         Turns: 1977, Time: 00:21:10

Health: 0/24       AC:  3    Str:  5    XL:     4   Next: 97%
Magic:  12/12      EV: 13    Int: 21    God:    Xom [..*...]
Gold:   113        SH:  0    Dex: 15    Spells: 8/11 levels left

rFire    . . .     SeeInvis .   y - staff of cold
rCold    + . .     Gourm    .   (no shield)
rNeg     . . .     Faith    .   a - +0 robe
rPois    .         Spirit   .   (no helmet)
rElec    .         Reflect  .   (no cloak)
rCorr    .         Harm     .   b - +0 pair of gloves
MR       .....                  (no boots)
Stlth    +++.......             (no amulet)
HPRegen  0.08/turn              f - ring of stealth
MPRegen  0.13/turn              (no ring)

@: no status effects
A: no striking features
a: Renounce Religion


You were on level 3 of the Dungeon.
You worshipped Xom.
You were a toy of Xom.
You were not hungry.

You visited 1 branch of the dungeon, and saw 3 of its levels.

You collected 113 gold pieces.

Inventory:

Hand Weapons
 d - a +0 dagger
 g - a +0 dagger
 i - a +0 club
 k - a +2 short sword of flaming
 m - a +0 club
 p - a +0 short sword
 w - a +0 club
 z - a +0 club
 A - a +0 club
 B - a +0 mace
 G - a +0 club
 J - a +1 short sword of electrocution
Missiles
 h - 57 stones (quivered)
 j - 2 tomahawks
 l - 27 bolts
 n - 3 javelins
 C - 54 sling bullets
 H - 16 arrows
Armour
 a - a +0 robe (worn)
 b - a +0 pair of gloves (worn)
 s - a +0 pair of gloves
 I - a +0 leather armour
Magical Staves
 y - an uncursed staff of cold (weapon)
Jewellery
 f - a ring of stealth (left hand)
 L - a cursed -5 ring of dexterity {unknown}
Wands
 x - a wand of iceblast (11)
Scrolls
 o - a scroll of identify {unknown}
 u - 2 scrolls of teleportation {unknown}
 E - a scroll of immolation {unknown}
 F - a scroll of magic mapping {unknown}
 K - a scroll of fear {unknown}
Potions
 e - a potion of brilliance {unknown}
 q - 2 potions of agility {unknown}
 r - a potion of might {unknown}
 t - 3 potions of curing {unknown}
 v - 2 potions of lignification {unknown}
 D - a potion of mutation {unknown}
Comestibles
 c - 4 rations


   Skills:
 + Level 0.2 Fighting
 + Level 0.1 Staves
 + Level 3.3 Dodging
 + Level 3.0 Stealth
 + Level 4.2 Spellcasting
 + Level 1.9 Conjurations
 + Level 1.0 Air Magic
 + Level 4.3 Poison Magic


You had 8 spell levels left.
You knew the following spells:

 Your Spells              Type           Power        Failure   Level  Hunger
a - Sting                 Conj/Pois      ###.         3%          1    None
b - Poisonous Vapours     Pois/Air       ###...       6%          2    #......

Your spell library contained the following spells:

 Spells                   Type           Power        Failure   Level  Hunger
 Mephitic Cloud           Conj/Pois/Air  ##......     13%         3    ###....
 Olgreb's Toxic Radiance  Pois           ###.....     19%         4    ####...
 Venom Bolt               Conj/Pois      ###.......   65%         5    ######.


Dungeon Overview and Level Annotations

Branches:
Dungeon (3/15)

Altars:
Nemelex Xobeh
Xom
Yredelemnul


Message History

The orc hits you but does no damage.
You hit the orc but do no damage.
The orc is almost dead.
The orc hits you but does no damage.
You barely miss the orc.
The orc is almost dead.
The orc closely misses you.
You barely miss the orc.
The orc is almost dead.
The orc hits you with a +0 club.
* * * LOW HITPOINT WARNING * * *
Casting: Poisonous Vapours (safe; 6% risk of failure)
Confirm with . or Enter, or press ? or * to list all spells.
Aiming: Poisonous Vapours (safe; 6% risk of failure)
Press: ? - help, Dir - move target cursor, f - orc
Aim: an orc, wielding a +0 club and wearing a +0 ring mail (magical There's already a cloud there!
The orc hits you with a +0 club.
You die... "Huh?
Did I miss anything?"

#† ##...## #. ##.....##
#.### ##.......## #.#.##
#.........###....##
+.........+.......#
#.........###....###
#.......# #......#
#..@..# ######.# ##o†§##
#.# ##§## #.#
#§############.#
#.##..._....##.#
##.##.######.##.#
##...#.# #.##.#
#......######.##.#
#########...#...........#


You could see an orc.

Vanquished Creatures
  A hound zombie (D:2)
  2 adders (D:2)
  An ooze (D:3)
  5 worms
  2 dart slugs (D:1)
  6 leopard geckos
  An orc (D:3)
  3 ball pythons (D:1)
  3 giant cockroaches (D:2)
  4 goblins
  7 hobgoblins
  9 jackals
  2 quokkas
  6 bats
  3 frilled lizards
  10 kobolds
  7 rats
  2 butterflies (D:2)
  4 fungi (D:1)
78 creatures vanquished.

Notes
Turn   | Place    | Note
-------+----------+-------------------------------------------
     0 | D:1      | voilodion the Deep Elf Venom Mage began the quest for the
                  | Orb.
     0 | D:1      | Reached XP level 1. HP: 10/10 MP: 6/6
    83 | D:1      | Reached XP level 2. HP: 14/15 MP: 2/8
   651 | D:1      | Reached XP level 3. HP: 18/19 MP: 6/9
   656 | D:1      | Learned a level 2 spell: Poisonous Vapours
  1026 | D:2      | Found a shimmering altar of Xom.
  1038 | D:2      | Became a worshipper of Xom of Chaos
  1078 | D:2      | Found a basalt altar of Yredelemnul.
  1097 | D:2      | Reached XP level 4. HP: 8/24 MP: 8/11
  1206 | D:2      | XOM: divination: magic mapping
  1379 | D:2      | XOM: potion effect (invisibility)
  1557 | D:3      | XOM: harmless Ice miscast
  1875 | D:3      | Reached skill level 1 in Air Magic
  1888 | D:3      | Found a sparkling altar of Nemelex Xobeh.
  1966 | D:3      | XOM: smoke on damage
  1977 | D:3      | Slain by an orc

Vault maps used:
D:1:      mrwooster_arrival_arrow, minmay_shallow_snake_nest
D:2:      overflow_temple_1_default, xom_butterflies, first_ration
D:3:      overflow_temple_1_default, overflow_temple_1_default,
          gup_sewer_entry_pipe

Skill      XL: |  1  2  3  4 |
---------------+-------------+-----
Poison Magic   | 4 |  4.3
Dodging        | 3 |  3.3
Stealth        | 3 |  3.0
Spellcasting   | 4 |  4.2
Air Magic      | 1 |  1.0
Fighting       | |  0.2
Staves         | |  0.1
Conjurations   | |  1.9

Action                   |  1- 3 |  4- 6 || total
-------------------------+-------+-------++-------
Melee: Unarmed           |     7 |       ||     7
       Short sword       |    93 |    16 ||   109
       Dagger            |     5 |       ||     5
       Staff             |       |    53 ||    53
Throw: Stone             |     1 |       ||     1
 Cast: Sting             |    51 |     2 ||    53
       Poisonous Vapours |     6 |    25 ||    31
 Stab: Invisible         |       |     6 ||     6
       Sleeping          |       |     1 ||     1
  Eat: Ration            |       |     1 ||     1
       Chunk             |       |     1 ||     1
Armor: Robe              |    21 |    10 ||    31
Dodge: Dodged            |    53 |    40 ||    93

Table legend:
 A = Non-vault XP
 B = Vault XP
 C = Vault XP percentage of total XP
 D = Non-vault monster count
 E = Vault monster count
 F = Vault count percentage of total count
                 A         B        C        D         E       F
            +---------+---------+-------+---------+---------+-------
      Total |     190 |       4 |   2.1 |      69 |       3 |   4.2
            +---------+---------+-------+---------+---------+-------
        D:1 |      44 |       4 |   8.3 |      24 |       3 |  11.1
        D:2 |     109 |       0 |   0.0 |      31 |       0 |   0.0
        D:3 |      37 |       0 |   0.0 |      14 |       0 |   0.0
            +---------+---------+-------+---------+---------+-------
